 Dungeon Crawl Stone Soup version 0.31-a0-1300-gb6740aa4e6 (webtiles) character file.

Game seed: 13479551348055094832

81 mopl the Insei (level 4, -2/29 HPs)
             Began as an Octopode Shapeshifter on Dec 18, 2023.
             Slain by an orc
             ... wielding a +0 short sword
              (3 damage)
             ... on level 3 of the Dungeon.
             The game lasted 00:01:41 (1605 turns).

mopl the Insei (Octopode Shapeshifter)              Turns: 1605, Time: 00:01:41

Health: -2/29      AC:  1    Str: 13    XL:     4   Next: 42%
Magic:  4/4        EV: 13    Int: 12    God:
Gold:   167        SH:  0    Dex: 13    Spells: 3/3 levels left

rFire   . .          .
                       - Unarmed
rCold   . . .        (no shield)
rNeg    . . .        (helmet currently unavailable)
rPois   .            (no amulet)
rElec   .            (no ring)
rCorr   .            (no ring)
SInv    .            (no ring)
Will    .....        (no ring)
Stlth   ++           (no ring)
HPRegen 0.24/turn    (no ring)
MPRegen 0.09/turn    (no ring)
                     (no ring)

%: no passive effects
@: beast-form
A: beast (slay +2), almost no armour, amphibious, 8 rings, camouflage 1,
gelatinous body 1, (nimble swimmer 1), tentacles
a: Begin Untransformation


You were on level 3 of the Dungeon.
You were a hulking beast.
You visited 1 branch of the dungeon, and saw 3 of its levels.

You collected 167 gold pieces.

Inventory:

Missiles
 g - 3 boomerangs
 j - 16 poisoned darts
Talismans
 b - a beast talisman
 c - a flux talisman
Wands
 m - a wand of roots (1)
Scrolls
 e - a scroll of revelation {unknown}
 h - a scroll of enchant weapon {unknown}
 i - a scroll of amnesia {unknown}
 k - 4 scrolls of teleportation {unknown}
 l - a scroll of enchant armour {unknown}
 n - a scroll of silence {unknown}
 o - a scroll of vulnerability {unknown}
Potions
 a - a potion of lignification {!q}
 d - 2 potions of brilliance {unknown}
 f - 2 potions of curing {unknown}
 p - 2 potions of attraction {unknown}


   Skills:
 + Level 1.7 Fighting
 + Level 2.5 Dodging
 * Level 3.8 Unarmed Combat
 * Level 3.7 Shapeshifting


You had 3 spell levels left.
You didn't know any spells.
Your spell library contained the following spells:

 Spells                   Type           Power      Damage    Failure   Level
 Blink                    Tloc           0%         N/A       45%         2
 Lesser Beckoning         Tloc           0%         N/A       45%         2
 Momentum Strike          Conj/Tloc      0%         3d8       45%         2
 Gell's Gravitas          Tloc           0%         N/A       69%         3
 Hailstorm                Conj/Ice       0%         3d5       69%         3
 Teleport Other           Tloc           0%         N/A       69%         3
 Summon Ice Beast         Ice/Summ       0%         N/A       97%         4
 Dispersal                Tloc           0%         N/A       100%        6
 Simulacrum               Ice/Necr       0%         N/A       100%        6


Dungeon Overview and Level Annotations

Branches:
Dungeon (3/15)

Altars:
Qazlal


Innate Abilities, Weirdness & Mutations

You are a hulking beast.
Your limbs bulge with bestial killing power. (Slay +2)
You cannot wear most types of armour.
You are amphibious.
You can wear up to eight rings at the same time.
Your skin changes colour to match your surroundings (Stealth+).
Your rubbery body absorbs attacks. (AC +1, EV +1)
((You are camouflaged when in or above water. (Stealth+)))
You have tentacles for arms and can constrict up to eight enemies at once.


Message History

An orc comes into view. It is wielding a +0 war axe.
You see here 2 scrolls labelled LOPUBL CEECWIM.
The helpless orc fails to defend itself.
You bludgeon the orc!
You kill the orc!
The orc shouts!
A worm comes into view.
The orc hits you with a +0 short sword.
You closely miss the orc. Your grab misses the orc.
The orc hits you with a +0 war axe! The orc hits you with a +0 short sword.
You are too injured to fight recklessly!
You are too injured to fight recklessly!
You are too injured to fight recklessly!
You are too injured to fight recklessly!
You are too injured to fight recklessly!
You are too injured to fight recklessly!
You are too injured to fight recklessly!
You are too injured to fight recklessly!
You are too injured to fight recklessly!
You are too injured to fight recklessly!
You are too injured to fight recklessly!
You are too injured to fight recklessly!
You are too injured to fight recklessly!
Unknown command.
You tentacle-slap the orc. Your grab misses the orc.
The orc is lightly wounded.
The orc hits you with a +0 war axe.
* * * LOW HITPOINT WARNING * * *
The orc barely misses you.
Unknown command.
You closely miss the orc. You grab the orc. You constrict the orc.
The orc hits you with a +0 war axe.
* * * LOW HITPOINT WARNING * * *
The orc misses you.
Unknown command.
You closely miss the orc. Your grab misses the orc.
The orc is lightly wounded.
You constrict the orc. The orc misses you.
The orc hits you with a +0 short sword.
You die...

# .. .. ##### #.
#...########
####.########...........
#.....o.)..##...###..♣..
#..oh...?.#.## ##♣.♣.
#...##.....#.# ♣.♣♣
..... ##.......# ♣..♣
#.## ##.#.##..♣ ♣♣.♣ #
#.#.# #♣.♣ ♣.♣ ....# ♣.♣
♣♣.♣ ##+### ..♣♣..♣
♣.♣.♣# ♣...♣


You could see 2 orcs.

Vanquished Creatures
  3 adders
  3 dart slugs
  3 orcs (D:3)
  6 bats
  An endoplasm (D:1)
  A giant cockroach (D:1)
  6 goblins
  4 hobgoblins
  2 quokkas (D:1)
  6 ball pythons
  3 frilled lizards (D:1)
  7 kobolds
  2 rats (D:1)
47 creatures vanquished.

Notes
Turn   | Place    | Note
-------+----------+-------------------------------------------
     0 | D:1      | mopl the Octopode Shapeshifter began the quest for the Orb.
     0 | D:1      | Reached XP level 1. HP: 13/13 MP: 1/1
    98 | D:1      | Reached XP level 2. HP: 18/18 MP: 2/2
   477 | D:1      | Reached XP level 3. HP: 22/23 MP: 3/3
  1072 | D:2      | Found a stormy altar of Qazlal.
  1211 | D:3      | Reached XP level 4. HP: 28/28 MP: 4/4
  1277 | D:3      | Identified the +6 long sword of Zojetzig {freeze, rElec
                  | rPois rF- Dex+6}
  1560 | D:3      | Found a faded altar of an unknown god.
  1604 | D:3      | HP: 1/29 [orc/+0 war axe (5)]
  1605 | D:3      | Slain by an orc

Illustrated notes

Levels and vault maps discovered:
D:1:      roderic_crossed_star, layout_basic
D:2:      layout_basic, basic_altar, kennysheep_generic_room_11
D:3:      layout_loops_corners, shapermc_ecumenical_altar_totnotflames,
          kennysheep_generic_room_3

Action                     |  1- 3 |  4- 6 || total
---------------------------+-------+-------++-------
  Melee: Unarmed           |    60 |    19 ||    79
         Constrict         |    15 |     5 ||    20
         Tentacles         |     9 |     1 ||    10
         Punch             |     2 |       ||     2
   Stab: Sleeping          |     9 |     4 ||    13
         Distracted        |       |     1 ||     1
 Armour: Skin              |    17 |    10 ||    27
  Dodge: Dodged            |    34 |     9 ||    43

Table legend: (Time is in decaauts)
 A = Elapsed time spent in this place.
 B = Non-inter-level travel time spent in this place.
 C = Inter-level travel time spent in this place.
 D = Time resting spent in this place.
 E = Time spent auto-exploring this place.
 F = Levels seen in this place.
 G = Mean time per level.
                   A        B        C        D        E       F      G
               +--------+--------+--------+--------+--------+-----+--------+
         Total |   1600 |   1514 |     86 |      0 |   1231 |   3 |  533.3 |
       Dungeon |   1600 |   1514 |     86 |      0 |   1231 |   3 |  533.3 |
               +--------+--------+--------+--------+--------+-----+--------+

Top non-repeatable levels by time:
     D:1: 639 daAuts
     D:2: 564 daAuts
     D:3: 396 daAuts
